PCL
VANCOUVER VIPERS @ LAS VEGAS STARS
09/14/2023
 
TOP OF THE 1ST
Vancouver Vipers batting - Pitching for Las Vegas Stars : RHP Tim Harmon
Pitching: RHP Tim Harmon
Batting: RHB Guillermo Sánchez 0-0: Called Strike
0-1: Ball
1-1: Called Strike
1-2: Ball
2-2: Ground out 1-3 (Groundball, 13)
Batting: RHB Oscar Rudd 0-0: Foul Ball, location: 2F
0-1: Swinging Strike
0-2: Foul Ball, location: 2F
0-2: Ball
1-2: Strikes out swinging
Batting: RHB Dan Tyler 0-0: Ground out 5-3 (Groundball, 56)
Top of the 1st over - 0 run(s), 0 hit(s), 0 error(s), 0 left on base; Vancouver 0 - Las Vegas 0
BOTTOM OF THE 1ST
Las Vegas Stars batting - Pitching for Vancouver Vipers : LHP Malcolm Moore
Pitching: LHP Malcolm Moore
Batting: RHB Orlando García 0-0: Ball
1-0: Called Strike
1-1: Ball
2-1: Foul Ball, location: 2F
2-2: Ground out 6-3 (Groundball, 6)
Batting: RHB Ron Shelton 0-0: SINGLE (Groundball, 25) (infield hit)
Batting: RHB Jeremy Atkins 0-0: Ball
1-0: Called Strike
1-1: Foul Ball, location: 2F
1-2: Foul Ball, location: 2F
1-2: Strikes out looking
Batting: LHB Evan Slootweg 0-0: Called Strike
0-1: Foul Ball, location: 2F
0-2: Ball
1-2: Foul Ball, location: 2F
1-2: Ground out 4-3 (Groundball, 4)
Bottom of the 1st over - 0 run(s), 1 hit(s), 0 error(s), 1 left on base; Vancouver 0 - Las Vegas 0
TOP OF THE 2ND
Vancouver Vipers batting - Pitching for Las Vegas Stars : RHP Tim Harmon
Batting: RHB Cal Rogers 0-0: Foul Ball, location: 2F
0-1: Ground out 5-3 (Groundball, 5S)
Batting: RHB Júlio Figueroa 0-0: Ball
1-0: Fly out, F7 (Line Drive, 7D)
Batting: RHB Lorenzo González 0-0: Ball
1-0: Ball
2-0: Foul Ball, location: 2F
2-1: Called Strike
2-2: Foul Ball, location: 2F
2-2: Strikes out looking
Top of the 2nd over - 0 run(s), 0 hit(s), 0 error(s), 0 left on base; Vancouver 0 - Las Vegas 0
BOTTOM OF THE 2ND
Las Vegas Stars batting - Pitching for Vancouver Vipers : LHP Malcolm Moore
Batting: SHB Santiago Farías 0-0: Foul Ball, location: 2F
0-1: Ball
1-1: Ground out 1-3 (Groundball, 15)
Batting: LHB Eliot Helen 0-0: Called Strike
0-1: Fly out, F8 (Line Drive, 8LS)
Batting: LHB Juan Cabañas 0-0: Ball
1-0: Foul Ball, location: 2F
1-1: Ball
2-1: Foul Ball, location: 2F
2-2: Ball
3-2: Base on Balls
Batting: RHB Tae-kwon Kwon 0-0: Ball
1-0: Called Strike
1-1: Ball
2-1: Fly out, F9 (Flyball, 9LM)
Bottom of the 2nd over - 0 run(s), 0 hit(s), 0 error(s), 1 left on base; Vancouver 0 - Las Vegas 0
TOP OF THE 3RD
Vancouver Vipers batting - Pitching for Las Vegas Stars : RHP Tim Harmon
Batting: RHB Marvin Workman 0-0: Swinging Strike
0-1: Ball
1-1: Foul Ball, location: 2F
1-2: Foul Ball, location: 2F
1-2: Ball
2-2: Foul Ball, location: 2F
2-2: Strikes out looking
Batting: RHB Tomás Estrada 0-0: SINGLE (Groundball, 4)
Batting: RHB Kenneth Corbitt 0-0: Called Strike
0-1: Called Strike
0-2: Ball
1-2: Foul Ball, location: 2F
1-2: Strikes out swinging
Batting: RHB Guillermo Sánchez 0-0: Ball
1-0: Called Strike
1-1: Ball
2-1: Foul Ball, location: 2F
2-2: Ground out 5-3 (Groundball, 56)
Top of the 3rd over - 0 run(s), 1 hit(s), 0 error(s), 1 left on base; Vancouver 0 - Las Vegas 0
BOTTOM OF THE 3RD
Las Vegas Stars batting - Pitching for Vancouver Vipers : LHP Malcolm Moore
Batting: RHB Cole Bradley 0-0: Ball
1-0: Ball
2-0: Ball
3-0: Base on Balls
Batting: RHB Orlando García 0-0: Fly out, F7 (Flyball, 7S)
Batting: RHB Ron Shelton 0-0: Called Strike
0-1: Ball
1-1: Called Strike
1-2: Foul Ball, location: 2F
1-2: Fly out, F8 (Flyball, 8RM)
Batting: RHB Jeremy Atkins 0-0: Foul Ball, location: 2F
0-1: Foul Ball, location: 2F
0-2: Fly out, F7 (Line Drive, 7LM)
Bottom of the 3rd over - 0 run(s), 0 hit(s), 0 error(s), 1 left on base; Vancouver 0 - Las Vegas 0
TOP OF THE 4TH
Vancouver Vipers batting - Pitching for Las Vegas Stars : RHP Tim Harmon
Batting: RHB Oscar Rudd 0-0: Foul Ball, location: 2F
0-1: Ground out 2-3 (Groundball, 2L)
Batting: RHB Dan Tyler 0-0: Ball
1-0: Ball
2-0: Called Strike
2-1: Ball
3-1: Base on Balls
Batting: RHB Cal Rogers 0-0: Fly out, F9 (Flyball, 89S)
Batting: RHB Júlio Figueroa 0-0: Called Strike
0-1: Ball
1-1: Ball
2-1: Ball
3-1: DOUBLE (Flyball, 78D)
Dan Tyler to third
Runner from 3rd tries for Home, SAFE, no throw or cutoff
Batting: RHB Lorenzo González 0-0: Called Strike
0-1: Ball
1-1: Swinging Strike
1-2: Strikes out swinging
Top of the 4th over - 1 run(s), 1 hit(s), 0 error(s), 1 left on base; Vancouver 1 - Las Vegas 0
BOTTOM OF THE 4TH
Las Vegas Stars batting - Pitching for Vancouver Vipers : LHP Malcolm Moore
Batting: LHB Evan Slootweg 0-0: SOLO HOME RUN (Line Drive, 9D), Distance : 399 ft
Batting: SHB Santiago Farías 0-0: Called Strike
0-1: Foul Ball, location: 2F
0-2: Ball
1-2: Ball
2-2: Strikes out swinging
Batting: LHB Eliot Helen 0-0: Called Strike
0-1: Called Strike
0-2: Ground out 5-3 (Groundball, 5)
Batting: LHB Juan Cabañas 0-0: Ground out 4-3 (Groundball, 4M)
Bottom of the 4th over - 1 run(s), 1 hit(s), 0 error(s), 0 left on base; Vancouver 1 - Las Vegas 1
TOP OF THE 5TH
Vancouver Vipers batting - Pitching for Las Vegas Stars : RHP Tim Harmon
Batting: RHB Marvin Workman 0-0: Ball
1-0: Ball
2-0: Swinging Strike
2-1: Ball
3-1: SINGLE (Line Drive, 34D)
Batting: RHB Tomás Estrada 0-0: Ball
1-0: Ball
2-0: Fly out, F3 (Line Drive, 3)
2-0: Lined into DP, U3 (Line Drive, 3)
Batting: RHB Kenneth Corbitt 0-0: Ball
1-0: Ball
2-0: Called Strike
2-1: Ground out 4-3 (Groundball, 4M)
Top of the 5th over - 0 run(s), 1 hit(s), 0 error(s), 0 left on base; Vancouver 1 - Las Vegas 1
BOTTOM OF THE 5TH
Las Vegas Stars batting - Pitching for Vancouver Vipers : LHP Malcolm Moore
Batting: RHB Tae-kwon Kwon 0-0: Foul Ball, location: 2F
0-1: Ball
1-1: Called Strike
1-2: Foul Ball, location: 2F
1-2: Strikes out swinging
Batting: RHB Cole Bradley 0-0: Ball
1-0: Ground out 6-3 (Groundball, 6)
Batting: RHB Orlando García 0-0: Called Strike
0-1: Ball
1-1: Ball
2-1: Foul Ball, location: 2F
2-2: Strikes out looking
Bottom of the 5th over - 0 run(s), 0 hit(s), 0 error(s), 0 left on base; Vancouver 1 - Las Vegas 1
TOP OF THE 6TH
Vancouver Vipers batting - Pitching for Las Vegas Stars : RHP Tim Harmon
Batting: RHB Guillermo Sánchez 0-0: Called Strike
0-1: Ball
1-1: Foul Ball, location: 2F
1-2: Foul Ball, location: 2F
1-2: Strikes out swinging
Batting: RHB Oscar Rudd 0-0: Ball
1-0: Foul Ball, location: 2F
1-1: Foul Ball, location: 2F
1-2: Foul Ball, location: 2F
1-2: Foul Ball, location: 2F
1-2: Foul Ball, location: 2F
1-2: SINGLE (Groundball, 4D)
Pitching: LHP Jerry Burgess
Batting: RHB Dan Tyler 0-0: Foul Ball, location: 2F
0-1: Ball
1-1: Ball
2-1: Ball
3-1: Called Strike
3-2: Foul Ball, location: 2F
3-2: Fly out, F8 (Flyball, 8LS)
3-2: Fly out, F8 (Flyball, 8LS)
Batting: RHB Cal Rogers 0-0: Ball
Oscar Rudd steals 2nd base
1-0: Ground out 3-4 (Groundball, 3L)
Top of the 6th over - 0 run(s), 1 hit(s), 0 error(s), 1 left on base; Vancouver 1 - Las Vegas 1
BOTTOM OF THE 6TH
Las Vegas Stars batting - Pitching for Vancouver Vipers : LHP Malcolm Moore
Batting: RHB Ron Shelton 0-0: Swinging Strike
0-1: Fly out, F4 (Line Drive, 4M)
Batting: RHB Jeremy Atkins 0-0: Foul Ball, location: 2F
0-1: Fly out, F2 (Popup, 2RF)
Batting: LHB Evan Slootweg 0-0: Ball
1-0: SOLO HOME RUN (Flyball, 89XD), Distance : 426 ft
Batting: SHB Santiago Farías 0-0: Foul Ball, location: 2F
0-1: Swinging Strike
0-2: Ball
1-2: SINGLE (Line Drive, 34D)
Batting: LHB Eliot Helen 0-0: Called Strike
Santiago Farías is caught stealing 2nd base
Bottom of the 6th over - 1 run(s), 2 hit(s), 0 error(s), 0 left on base; Vancouver 1 - Las Vegas 2
TOP OF THE 7TH
Vancouver Vipers batting - Pitching for Las Vegas Stars : LHP Jerry Burgess
Batting: RHB Júlio Figueroa 0-0: Ball
1-0: Ball
2-0: Foul Ball, location: 2F
2-1: Ground out 5-3 (Groundball, 5)
Batting: RHB Lorenzo González 0-0: Called Strike
0-1: Ball
1-1: SINGLE (Line Drive, 6)
Pinch Hitting: SHB Henry Copeland 0-0: Fielders Choice at 2nd, 1-6 (Groundball, 13S)
Batting: RHB Tomás Estrada 0-0: Ball
1-0: Swinging Strike
1-1: Ball
2-1: Ball
3-1: Called Strike
3-2: Foul Ball, location: 2F
3-2: Foul Ball, location: 2F
3-2: Fly out, F9 (Flyball, 89D)
Top of the 7th over - 0 run(s), 1 hit(s), 0 error(s), 1 left on base; Vancouver 1 - Las Vegas 2
BOTTOM OF THE 7TH
Las Vegas Stars batting - Pitching for Vancouver Vipers : LHP Malcolm Moore
Now at 1B: Henry Copeland
Batting: LHB Eliot Helen 0-0: Ground out 1-3 (Groundball, 15)
Batting: LHB Juan Cabañas 0-0: Foul Ball, location: 2F
0-1: Called Strike
0-2: SINGLE (Groundball, 34D)
Batting: RHB Tae-kwon Kwon 0-0: Ball
1-0: Swinging Strike
1-1: Foul Ball, location: 2F
1-2: Ball
2-2: Fly out, F8 (Line Drive, 8RS)
Pinch Hitting: RHB Shih-k'ai Huang 0-0: Ball
1-0: Ball
2-0: Called Strike
2-1: Called Strike
2-2: Ball
3-2: Base on Balls
Juan Cabañas to second
Batting: RHB Orlando García 0-0: Ball
1-0: Ball
2-0: Called Strike
2-1: Ball
3-1: Foul Ball, location: 2F
3-2: Foul Ball, location: 2F
3-2: Ground out 5-3 (Groundball, 5L)
Bottom of the 7th over - 0 run(s), 1 hit(s), 0 error(s), 2 left on base; Vancouver 1 - Las Vegas 2
TOP OF THE 8TH
Vancouver Vipers batting - Pitching for Las Vegas Stars : LHP Jerry Burgess
Pitching: RHP Mike Drader
Now at 3B: Vicente Salgado
Batting: RHB Kenneth Corbitt 0-0: Ball
1-0: Called Strike
1-1: Ball
2-1: Foul Ball, location: 2F
2-2: Foul Ball, location: 2F
2-2: Strikes out swinging, 2-3 out at first.
Batting: RHB Guillermo Sánchez 0-0: Called Strike
0-1: Called Strike
0-2: Strikes out swinging
Batting: RHB Oscar Rudd 0-0: Ball
1-0: Ball
2-0: Ball
3-0: Called Strike
3-1: Base on Balls
Batting: RHB Dan Tyler 0-0: Ball
1-0: Ball
2-0: Foul Ball, location: 2F
2-1: Fly out, F9 (Flyball, 89M)
Top of the 8th over - 0 run(s), 0 hit(s), 0 error(s), 1 left on base; Vancouver 1 - Las Vegas 2
BOTTOM OF THE 8TH
Las Vegas Stars batting - Pitching for Vancouver Vipers : LHP Malcolm Moore
Pitching: LHP Artie Nelson
Batting: RHB Ron Shelton 0-0: Called Strike
0-1: Foul Ball, location: 2F
0-2: Ground out 5-3 (Groundball, 56)
Batting: RHB Jeremy Atkins 0-0: Ground out 1-3 (Groundball, 13S)
Pitching: LHP Kai-ge Hui
Batting: LHB Evan Slootweg 0-0: Ball
1-0: Ball
2-0: Ball
3-0: Called Strike
3-1: Base on Balls
Pinch Hitting: RHB Xin Zhang 0-0: Foul Ball, location: 2F
0-1: Ball
1-1: Fielders Choice at 2nd, U6 (Groundball, 6M)
Bottom of the 8th over - 0 run(s), 0 hit(s), 0 error(s), 1 left on base; Vancouver 1 - Las Vegas 2
TOP OF THE 9TH
Vancouver Vipers batting - Pitching for Las Vegas Stars : RHP Mike Drader
Pitching: RHP John Corrigan
Now at 3B: Xin Zhang
Pinch Hitting: LHB Ray Spencer 0-0: Ball
1-0: Fly out, F7 (Flyball, 7M)
Batting: RHB Júlio Figueroa 0-0: Ball
1-0: Foul Ball, location: 2F
1-1: Ground out U3 (Groundball, 3)
Pinch Hitting: RHB Mario López 0-0: Foul Ball, location: 2F
0-1: Fly out, F7 (Flyball, 7LM)
Top of the 9th over - 0 run(s), 0 hit(s), 0 error(s), 0 left on base; Vancouver 1 - Las Vegas 2
This league is powered by Out of the Park Baseball, the baseball management simulation game for PC, Mac and Linux
Wednesday, December 2nd, 2015 - OOTP Baseball 16.8 Build 38